[ PARTIDA AOE2 · #478290077 ]
UnrankedLituanos vs Malians
[ ANÁLISIS DE REPETICIÓN · EXTRAÍDO DE LA PARTIDA GRABADA ]
Feudal
12:00
Castillos
26:14
Imperial
—
| APM promedio | 32.9 |
| APM pico | 59 |
| eAPM promedio | 16.0 |
| Aldeanos / militares | 125 / 24 |
Foco
⚔️ 14.5% · 🌾 85.5%
Knight ×15 · Scout Cavalry ×9
Feudal
13:23
Castillos
17:43
Imperial
37:23
| APM promedio | 48.8 |
| APM pico | 108 |
| eAPM promedio | 15.0 |
| Aldeanos / militares | 106 / 79 |
Foco
⚔️ 18.6% · 🌾 81.4%
Gbeto ×75 · Battering Ram ×3 · Trebuchet (Packed) ×1
Feudal
13:20
Castillos
16:53
Imperial
—
| APM promedio | 36.4 |
| APM pico | 76 |
| eAPM promedio | 15.9 |
| Aldeanos / militares | 148 / 33 |
Foco
⚔️ 26.9% · 🌾 73.1%
Mangudai ×33
Feudal
15:01
Castillos
18:56
Imperial
—
| APM promedio | 37.5 |
| APM pico | 63 |
| eAPM promedio | 18.8 |
| Aldeanos / militares | 143 / 86 |
Foco
⚔️ 33.1% · 🌾 66.9%
Cavalry Archer ×84 · Fishing Ship ×12 · Spearman ×2
Feudal
13:38
Castillos
18:14
Imperial
—
| APM promedio | 22.8 |
| APM pico | 39 |
| eAPM promedio | 16.7 |
| Aldeanos / militares | 199 / 9 |
Foco
⚔️ 12.4% · 🌾 87.6%
Monk ×6 · Elephant Archer ×2 · Spearman ×1
Feudal
12:23
Castillos
17:32
Imperial
—
| APM promedio | 55.5 |
| APM pico | 96 |
| eAPM promedio | 29.8 |
| Aldeanos / militares | 107 / 36 |
Foco
⚔️ 22.4% · 🌾 77.6%
Kipchak ×23 · Spearman ×5 · Steppe Lancer ×5 · Camel Scout ×2 · Monk ×1
Feudal
11:47
Castillos
22:33
Imperial
36:46
| APM promedio | 43.9 |
| APM pico | 92 |
| eAPM promedio | 25.9 |
| Aldeanos / militares | 121 / 31 |
Foco
⚔️ 49.9% · 🌾 50.1%
Organ Gun ×10 · Scout Cavalry ×9 · Monk ×5 · Spearman ×4 · Trebuchet (Packed) ×3
Feudal
12:12
Castillos
23:10
Imperial
35:32
| APM promedio | 36.6 |
| APM pico | 57 |
| eAPM promedio | 20.0 |
| Aldeanos / militares | 112 / 81 |
Foco
⚔️ 36.7% · 🌾 63.3%
Knight ×69 · Scout Cavalry ×12
Mapa de la partida
Recursos iniciales + cada clic de construcción. Líneas = muros · curvas = relieve. ◆ oro · ⬟ piedra · ● bayas · ✦ reliquia · ◌ hueco del cierre
Tu base· Abierta — flanco sin cerrar
Base de DiegoRosi· Abierta — flanco sin cerrar
Base de RegiTehT· Abierta — flanco sin cerrar
Base de The_OFLi· Abierta — flanco sin cerrar
Base de Just fun· Abierta — hueco de 9t
Base de 封念云· Abierta — hueco de 6t
Base de Bizzy· Abierta — hueco de 11t
Base de Hash-· Abierta — hueco de 12t
Terreno inicial suavizado · ◌ = hueco del cierre detectado · pasá el cursor para detalles
Inputs por minuto
— 姆狗 - - DiegoRosi
Build order — 姆狗
Primeras 150 de 266 acciones detectadas
| 0:14 | Construir | Town Center |
| 2:18 | Construir | House |
| 2:45 | Crear | Villager (Male) |
| 2:45 | Crear | Villager (Male) |
| 2:46 | Crear | Villager (Male) |
| 2:46 | Crear | Villager (Male) |
| 2:46 | Crear | Villager (Male) |
| 2:46 | Crear | Villager (Male) |
| 2:47 | Crear | Villager (Male) |
| 3:19 | Construir | House |
| 3:33 | Construir | House |
| 3:43 | Crear | Villager (Male) |
| 3:48 | Construir | House |
| 3:55 | Construir | House |
| 4:20 | Crear | Villager (Male) |
| 4:21 | Crear | Villager (Male) |
| 5:05 | Construir | Lumber Camp |
| 5:09 | Crear | Villager (Male) |
| 5:09 | Crear | Villager (Male) |
| 5:14 | Construir | House |
| 6:01 | Crear | Villager (Male) |
| 6:28 | Crear | Villager (Male) |
| 6:33 | Crear | Villager (Male) |
| 7:00 | Construir | House |
| 7:38 | Crear | Villager (Male) |
| 7:38 | Crear | Villager (Male) |
| 8:23 | Crear | Villager (Male) |
| 8:35 | Crear | Villager (Male) |
| 8:38 | Construir | Mill |
| 8:50 | Crear | Villager (Male) |
| 8:50 | Investigar | Loom |
| 9:50 | Investigar | Feudal Age |
| 10:06 | Investigar | Loom |
| 11:01 | Construir | Barracks |
| 11:05 | Construir | House |
| 11:36 | Crear | Villager (Male) |
| 11:37 | Crear | Villager (Male) |
| 12:00 | Edad | Edad Feudal |
| 12:04 | Crear | Villager (Male) |
| 12:14 | Construir | Stable |
| 12:19 | Construir | House |
| 12:54 | Construir | Mining Camp |
| 12:55 | Crear | Scout Cavalry |
| 12:55 | Crear | Scout Cavalry |
| 12:56 | Crear | Scout Cavalry |
| 13:00 | Crear | Scout Cavalry |
| 13:01 | Crear | Scout Cavalry |
| 13:20 | Construir | Mining Camp |
| 13:24 | Crear | Villager (Male) |
| 13:59 | Crear | Scout Cavalry |
| 14:13 | Crear | Scout Cavalry |
| 14:25 | Crear | Scout Cavalry |
| 14:34 | Construir | Watch Tower |
| 14:44 | Crear | Villager (Male) |
| 14:52 | Construir | Watch Tower |
| 15:46 | Crear | Villager (Male) |
| 15:47 | Crear | Villager (Male) |
| 15:47 | Crear | Villager (Male) |
| 15:50 | Construir | House |
| 15:50 | Construir | House |
| 16:27 | Construir | Watch Tower |
| 16:36 | Construir | House |
| 16:36 | Construir | House |
| 16:40 | Construir | Blacksmith |
| 16:43 | Construir | House |
| 17:00 | Construir | Mill |
| 17:08 | Crear | Villager (Male) |
| 17:14 | Construir | Farm |
| 17:15 | Construir | Farm |
| 17:33 | Construir | House |
| 17:39 | Construir | House |
| 17:47 | Crear | Villager (Male) |
| 17:54 | Crear | Villager (Male) |
| 18:27 | Crear | Villager (Male) |
| 18:38 | Crear | Villager (Male) |
| 18:46 | Crear | Scout Cavalry |
| 19:05 | Crear | Villager (Male) |
| 19:21 | Crear | Villager (Male) |
| 20:02 | Construir | Mill |
| 20:06 | Crear | Villager (Male) |
| 20:09 | Construir | Farm |
| 20:09 | Construir | Farm |
| 20:10 | Construir | Farm |
| 20:11 | Construir | Farm |
| 20:30 | Crear | Villager (Male) |
| 20:50 | Crear | Villager (Male) |
| 21:09 | Construir | Mill |
| 22:03 | Construir | Watch Tower |
| 22:07 | Construir | Farm |
| 22:10 | Construir | Farm |
| 22:12 | Crear | Villager (Male) |
| 22:38 | Crear | Villager (Male) |
| 22:41 | Construir | Market |
| 22:55 | Crear | Villager (Male) |
| 23:34 | Investigar | Castle Age |
| 23:34 | Investigar | Castle Age |
| 23:39 | Investigar | Double-Bit Axe |
| 23:39 | Investigar | Double-Bit Axe |
| 23:45 | Investigar | Horse Collar |
| 24:29 | Construir | Farm |
| 24:57 | Construir | Lumber Camp |
| 24:59 | Crear | Villager (Male) |
| 25:00 | Crear | Villager (Male) |
| 25:03 | Crear | Villager (Male) |
| 25:03 | Crear | Villager (Male) |
| 26:14 | Edad | Edad de los Castillos |
| 26:18 | Construir | Town Center |
| 27:19 | Construir | House |
| 27:23 | Crear | Villager (Male) |
| 27:28 | Crear | Villager (Male) |
| 27:28 | Crear | Villager (Male) |
| 27:29 | Crear | Villager (Male) |
| 27:31 | Crear | Villager (Male) |
| 27:32 | Crear | Villager (Male) |
| 27:33 | Crear | Villager (Male) |
| 27:53 | Crear | Villager (Male) |
| 27:55 | Crear | Villager (Male) |
| 28:02 | Crear | Villager (Male) |
| 28:03 | Crear | Villager (Male) |
| 28:17 | Crear | Villager (Male) |
| 28:30 | Construir | Town Center |
| 28:47 | Crear | Villager (Male) |
| 28:48 | Crear | Villager (Male) |
| 28:51 | Crear | Villager (Male) |
| 28:52 | Crear | Villager (Male) |
| 29:07 | Construir | Mill |
| 29:15 | Crear | Villager (Male) |
| 29:17 | Crear | Villager (Male) |
| 29:28 | Crear | Villager (Male) |
| 29:28 | Crear | Villager (Male) |
| 29:29 | Investigar | Gold Mining |
| 29:33 | Investigar | Bow Saw |
| 29:36 | Investigar | Heavy Plow |
| 29:38 | Crear | Villager (Male) |
| 29:40 | Crear | Villager (Male) |
| 29:41 | Crear | Villager (Male) |
| 30:08 | Crear | Villager (Male) |
| 30:08 | Crear | Villager (Male) |
| 30:14 | Construir | Stable |
| 30:18 | Investigar | Bloodlines |
| 30:36 | Investigar | Scale Barding Armor |
| 30:44 | Construir | Farm |
| 30:44 | Construir | Farm |
| 30:45 | Construir | Farm |
| 30:46 | Construir | Farm |
| 30:50 | Construir | Farm |
| 30:57 | Crear | Villager (Male) |
| 31:05 | Crear | Knight |
| 31:15 | Construir | House |
| 31:15 | Construir | House |
Build order — DiegoRosi
Primeras 150 de 215 acciones detectadas
| 1:01 | Construir | Town Center |
| 2:21 | Construir | House |
| 3:18 | Crear | Villager (Male) |
| 3:18 | Crear | Villager (Male) |
| 3:18 | Crear | Villager (Male) |
| 3:18 | Crear | Villager (Male) |
| 4:10 | Crear | Villager (Male) |
| 5:04 | Investigar | Loom |
| 5:07 | Crear | Villager (Male) |
| 5:16 | Construir | House |
| 5:43 | Crear | Villager (Male) |
| 5:44 | Crear | Villager (Male) |
| 6:30 | Crear | Villager (Male) |
| 6:35 | Construir | Lumber Camp |
| 6:59 | Crear | Villager (Male) |
| 7:00 | Crear | Villager (Male) |
| 7:00 | Crear | Villager (Male) |
| 7:15 | Crear | Villager (Male) |
| 7:51 | Construir | House |
| 8:02 | Crear | Villager (Male) |
| 8:31 | Construir | Mill |
| 8:32 | Crear | Villager (Male) |
| 8:59 | Construir | House |
| 9:06 | Construir | House |
| 9:08 | Crear | Villager (Male) |
| 9:36 | Construir | Palisade Wall |
| 9:43 | Crear | Villager (Male) |
| 10:14 | Crear | Villager (Male) |
| 10:27 | Construir | Mining Camp |
| 10:31 | Crear | Villager (Male) |
| 10:51 | Construir | House |
| 11:07 | Investigar | Feudal Age |
| 11:13 | Construir | Palisade Wall |
| 11:15 | Construir | Palisade Wall |
| 12:36 | Crear | Villager (Male) |
| 12:58 | Construir | House |
| 13:23 | Crear | Villager (Male) |
| 13:23 | Edad | Edad Feudal |
| 13:28 | Construir | Market |
| 13:36 | Construir | Blacksmith |
| 14:12 | Construir | Palisade Wall |
| 14:15 | Crear | Villager (Male) |
| 15:03 | Investigar | Castle Age |
| 16:04 | Investigar | Double-Bit Axe |
| 16:57 | Investigar | Stone Mining |
| 17:38 | Crear | Villager (Male) |
| 17:39 | Crear | Villager (Male) |
| 17:43 | Edad | Edad de los Castillos |
| 17:45 | Crear | Villager (Male) |
| 18:04 | Construir | Town Center |
| 18:10 | Crear | Villager (Male) |
| 18:19 | Crear | Villager (Male) |
| 19:06 | Construir | Castle |
| 19:09 | Crear | Villager (Male) |
| 19:24 | Crear | Villager (Male) |
| 19:32 | Construir | Palisade Gate |
| 19:34 | Crear | Villager (Male) |
| 19:37 | Crear | Villager (Male) |
| 19:37 | Crear | Villager (Male) |
| 19:55 | Crear | Villager (Male) |
| 20:24 | Crear | Villager (Male) |
| 20:27 | Crear | Gbeto |
| 20:27 | Crear | Gbeto |
| 20:38 | Crear | Villager (Male) ×2 |
| 20:45 | Construir | Farm |
| 20:47 | Construir | Farm |
| 20:52 | Crear | Gbeto |
| 20:54 | Investigar | Horse Collar |
| 20:55 | Crear | Villager (Male) |
| 21:06 | Construir | House |
| 21:10 | Construir | Palisade Wall |
| 21:12 | Crear | Gbeto |
| 21:19 | Construir | Farm |
| 21:22 | Construir | Farm |
| 21:25 | Crear | Villager (Male) |
| 21:32 | Construir | Farm |
| 21:44 | Crear | Villager (Male) ×3 |
| 21:54 | Crear | Gbeto |
| 21:54 | Crear | Gbeto |
| 22:00 | Construir | Farm |
| 22:00 | Construir | Farm |
| 22:00 | Construir | Farm |
| 22:01 | Construir | Farm |
| 22:07 | Construir | Farm |
| 22:10 | Construir | Farm |
| 22:11 | Crear | Gbeto |
| 22:19 | Construir | House |
| 22:24 | Construir | Farm |
| 22:32 | Crear | Villager (Male) |
| 22:32 | Crear | Villager (Male) |
| 22:55 | Crear | Villager (Male) ×3 |
| 22:59 | Construir | House |
| 23:03 | Construir | Farm |
| 23:06 | Construir | Farm |
| 23:14 | Crear | Gbeto |
| 23:15 | Crear | Gbeto |
| 23:29 | Construir | Town Center |
| 23:40 | Crear | Gbeto |
| 23:55 | Crear | Villager (Male) |
| 24:24 | Crear | Villager (Male) ×3 |
| 24:30 | Construir | Farm |
| 24:33 | Construir | Farm |
| 24:59 | Crear | Villager (Male) ×3 |
| 25:38 | Crear | Villager (Male) ×3 |
| 25:41 | Crear | Gbeto |
| 25:52 | Crear | Villager (Male) |
| 26:10 | Crear | Gbeto |
| 26:15 | Crear | Villager (Male) ×3 |
| 26:43 | Crear | Villager (Male) ×3 |
| 26:46 | Construir | Farm |
| 26:47 | Construir | Farm |
| 26:58 | Crear | Gbeto |
| 26:58 | Crear | Gbeto |
| 26:58 | Crear | Gbeto |
| 27:00 | Crear | Villager (Male) |
| 27:35 | Crear | Villager (Male) ×3 |
| 27:49 | Investigar | Forging |
| 27:51 | Construir | Farm |
| 27:51 | Construir | Farm |
| 27:52 | Construir | Farm |
| 27:52 | Construir | Farm |
| 27:52 | Construir | Farm |
| 28:04 | Construir | Castle |
| 28:06 | Crear | Gbeto |
| 28:06 | Crear | Gbeto |
| 28:06 | Crear | Gbeto |
| 28:10 | Construir | House |
| 28:11 | Construir | House |
| 28:11 | Construir | House |
| 28:14 | Construir | House |
| 28:22 | Investigar | Wheelbarrow |
| 28:54 | Investigar | Scale Mail Armor |
| 29:09 | Crear | Villager (Male) ×2 |
| 29:44 | Construir | Mining Camp |
| 29:46 | Crear | Villager (Male) ×3 |
| 29:49 | Construir | Farm |
| 29:49 | Construir | Farm |
| 29:49 | Construir | Farm |
| 29:49 | Construir | Farm |
| 29:50 | Construir | Farm |
| 29:50 | Construir | Farm |
| 29:50 | Construir | Farm |
| 29:50 | Construir | Farm |
| 29:50 | Construir | Farm |
| 29:51 | Construir | Farm |
| 29:51 | Construir | Farm |
| 29:51 | Construir | Farm |
| 29:51 | Construir | Farm |
| 29:58 | Construir | Siege Workshop |
| 30:03 | Crear | Gbeto ×3 |
Build order — RegiTehT
Primeras 150 de 266 acciones detectadas
| 0:28 | Construir | Town Center |
| 1:45 | Construir | House |
| 2:35 | Crear | Villager (Male) |
| 2:35 | Crear | Villager (Male) |
| 2:35 | Crear | Villager (Male) |
| 2:36 | Crear | Villager (Male) |
| 2:36 | Crear | Villager (Male) |
| 3:25 | Crear | Villager (Male) |
| 3:46 | Crear | Villager (Male) |
| 3:46 | Crear | Villager (Male) |
| 4:04 | Crear | Villager (Male) |
| 4:04 | Crear | Villager (Male) |
| 4:15 | Crear | Villager (Male) |
| 4:15 | Crear | Villager (Male) |
| 4:39 | Crear | Villager (Male) |
| 4:39 | Crear | Villager (Male) |
| 4:55 | Crear | Villager (Male) |
| 4:55 | Crear | Villager (Male) |
| 5:06 | Construir | Lumber Camp |
| 5:10 | Crear | Villager (Male) |
| 5:21 | Crear | Villager (Male) |
| 5:22 | Crear | Villager (Male) |
| 5:34 | Construir | House |
| 5:41 | Investigar | Loom |
| 5:46 | Crear | Villager (Male) |
| 5:46 | Crear | Villager (Male) |
| 5:46 | Crear | Villager (Male) |
| 5:47 | Crear | Villager (Male) |
| 5:48 | Crear | Villager (Male) |
| 5:49 | Crear | Villager (Male) |
| 5:49 | Crear | Villager (Male) |
| 5:49 | Crear | Villager (Male) |
| 6:00 | Crear | Villager (Male) |
| 6:01 | Crear | Villager (Male) |
| 6:41 | Crear | Villager (Male) |
| 6:51 | Construir | Mill |
| 6:57 | Crear | Villager (Male) |
| 7:07 | Crear | Villager (Male) |
| 7:16 | Crear | Villager (Male) |
| 7:16 | Crear | Villager (Male) |
| 7:33 | Crear | Villager (Male) |
| 7:33 | Crear | Villager (Male) |
| 7:56 | Construir | House |
| 8:05 | Construir | House |
| 8:15 | Crear | Villager (Male) |
| 8:25 | Crear | Villager (Male) |
| 8:43 | Crear | Villager (Male) |
| 8:46 | Crear | Villager (Male) |
| 9:01 | Crear | Villager (Male) |
| 9:12 | Crear | Villager (Male) |
| 9:12 | Crear | Villager (Male) |
| 9:28 | Construir | House |
| 10:49 | Investigar | Feudal Age |
| 10:53 | Construir | Mining Camp |
| 10:55 | Crear | Villager (Male) |
| 11:29 | Construir | Mill |
| 13:20 | Edad | Edad Feudal |
| 13:22 | Construir | Market |
| 13:28 | Construir | Blacksmith |
| 13:34 | Crear | Villager (Male) |
| 13:56 | Construir | House |
| 13:59 | Construir | Palisade Wall |
| 14:13 | Investigar | Castle Age |
| 15:53 | Investigar | Double-Bit Axe |
| 16:03 | Investigar | Stone Mining |
| 16:08 | Investigar | Gold Mining |
| 16:50 | Crear | Villager (Male) |
| 16:53 | Edad | Edad de los Castillos |
| 16:58 | Construir | Castle |
| 17:01 | Crear | Villager (Male) |
| 17:28 | Construir | House |
| 17:29 | Construir | Palisade Wall |
| 17:32 | Construir | House |
| 17:34 | Construir | Palisade Wall |
| 17:43 | Crear | Villager (Male) |
| 18:02 | Crear | Villager (Male) |
| 18:22 | Construir | Town Center |
| 18:35 | Crear | Mangudai |
| 18:36 | Crear | Mangudai |
| 18:37 | Crear | Villager (Male) |
| 19:05 | Crear | Mangudai |
| 19:24 | Construir | House |
| 19:44 | Crear | Villager (Male) |
| 19:45 | Crear | Mangudai |
| 19:46 | Crear | Mangudai |
| 20:09 | Crear | Mangudai |
| 20:35 | Crear | Villager (Male) |
| 20:35 | Crear | Villager (Male) |
| 20:43 | Crear | Mangudai |
| 21:19 | Crear | Villager (Male) |
| 21:19 | Crear | Villager (Male) |
| 21:46 | Crear | Villager (Male) |
| 21:46 | Crear | Villager (Male) |
| 21:46 | Crear | Villager (Male) |
| 21:47 | Crear | Mangudai |
| 22:27 | Crear | Villager (Male) |
| 22:28 | Crear | Villager (Male) |
| 22:45 | Crear | Mangudai |
| 22:50 | Construir | Farm |
| 22:50 | Construir | Farm |
| 22:51 | Construir | Farm |
| 22:51 | Construir | Farm |
| 22:51 | Construir | Farm |
| 22:51 | Construir | Farm |
| 22:52 | Construir | Farm |
| 22:52 | Construir | Farm |
| 22:52 | Construir | Farm |
| 22:55 | Construir | Farm |
| 22:56 | Construir | Farm |
| 22:56 | Construir | Farm |
| 22:56 | Construir | Farm |
| 22:56 | Construir | Farm |
| 23:03 | Crear | Mangudai |
| 23:19 | Crear | Mangudai |
| 23:20 | Crear | Mangudai |
| 23:49 | Crear | Villager (Male) |
| 24:04 | Crear | Villager (Male) |
| 24:21 | Crear | Villager (Male) |
| 24:31 | Crear | Villager (Male) |
| 24:45 | Construir | Town Center |
| 24:47 | Crear | Villager (Male) |
| 24:50 | Crear | Mangudai |
| 24:57 | Crear | Villager (Male) |
| 24:57 | Crear | Villager (Male) |
| 25:13 | Crear | Villager (Male) |
| 25:19 | Construir | Farm |
| 25:20 | Construir | Farm |
| 25:20 | Construir | Farm |
| 25:20 | Construir | Farm |
| 25:21 | Construir | Farm |
| 25:21 | Construir | Farm |
| 25:30 | Crear | Villager (Male) |
| 25:36 | Crear | Mangudai |
| 25:43 | Crear | Villager (Male) |
| 25:43 | Crear | Villager (Male) |
| 25:54 | Crear | Villager (Male) |
| 25:54 | Crear | Villager (Male) |
| 26:17 | Crear | Villager (Male) |
| 26:24 | Construir | Mill |
| 26:24 | Construir | Farm |
| 26:25 | Construir | Farm |
| 26:25 | Construir | Farm |
| 26:25 | Construir | Farm |
| 26:25 | Construir | Farm |
| 26:26 | Construir | Farm |
| 26:26 | Construir | Farm |
| 26:30 | Crear | Villager (Male) |
| 26:50 | Crear | Villager (Male) |
| 26:51 | Crear | Villager (Male) |
| 27:04 | Crear | Mangudai |
Build order — The_OFLi
Primeras 150 de 348 acciones detectadas
| 0:27 | Construir | Town Center |
| 2:30 | Construir | House |
| 2:31 | Construir | House |
| 2:45 | Crear | Villager (Male) |
| 2:45 | Crear | Villager (Male) |
| 2:45 | Crear | Villager (Male) |
| 2:46 | Crear | Villager (Male) |
| 2:46 | Crear | Villager (Male) |
| 2:46 | Crear | Villager (Male) |
| 3:40 | Construir | Lumber Camp |
| 3:42 | Crear | Villager (Male) |
| 3:42 | Crear | Villager (Male) |
| 3:42 | Crear | Villager (Male) |
| 4:25 | Crear | Villager (Male) |
| 4:26 | Crear | Villager (Male) |
| 4:50 | Construir | House |
| 4:58 | Crear | Villager (Male) |
| 4:58 | Crear | Villager (Male) |
| 5:01 | Construir | House |
| 5:26 | Investigar | Loom |
| 5:53 | Crear | Villager (Male) |
| 5:53 | Crear | Villager (Male) |
| 6:05 | Construir | Dock |
| 6:09 | Crear | Villager (Male) |
| 6:09 | Crear | Villager (Male) |
| 6:44 | Crear | Fishing Ship |
| 6:44 | Crear | Fishing Ship |
| 6:50 | Crear | Villager (Male) |
| 6:51 | Crear | Villager (Male) |
| 6:52 | Construir | House |
| 7:13 | Crear | Fishing Ship |
| 7:15 | Crear | Villager (Male) |
| 7:15 | Crear | Villager (Male) |
| 7:26 | Construir | House |
| 7:40 | Crear | Villager (Male) |
| 7:40 | Crear | Villager (Male) |
| 7:40 | Crear | Villager (Male) |
| 8:09 | Crear | Villager (Male) |
| 8:09 | Crear | Villager (Male) |
| 8:28 | Construir | Mill |
| 8:32 | Crear | Villager (Male) |
| 8:32 | Crear | Villager (Male) |
| 8:43 | Crear | Fishing Ship |
| 8:43 | Crear | Fishing Ship |
| 8:55 | Crear | Villager (Male) |
| 8:55 | Crear | Villager (Male) |
| 8:55 | Crear | Villager (Male) |
| 9:25 | Crear | Villager (Male) |
| 9:26 | Crear | Villager (Male) |
| 9:30 | Construir | Pasture |
| 9:48 | Crear | Villager (Male) |
| 9:50 | Construir | House |
| 10:11 | Crear | Villager (Male) |
| 10:12 | Crear | Villager (Male) |
| 10:17 | Construir | House |
| 10:21 | Crear | Villager (Male) |
| 10:21 | Crear | Villager (Male) |
| 10:22 | Crear | Villager (Male) |
| 10:23 | Crear | Villager (Male) |
| 10:25 | Crear | Fishing Ship |
| 10:42 | Construir | Palisade Wall |
| 10:47 | Construir | Palisade Wall |
| 10:49 | Crear | Villager (Male) |
| 10:49 | Crear | Villager (Male) |
| 10:49 | Crear | Villager (Male) |
| 11:11 | Crear | Villager (Male) |
| 11:18 | Construir | Palisade Wall |
| 11:20 | Crear | Villager (Male) |
| 11:23 | Crear | Fishing Ship |
| 11:33 | Crear | Fishing Ship |
| 11:33 | Crear | Fishing Ship |
| 11:34 | Crear | Fishing Ship |
| 12:14 | Construir | Mining Camp |
| 12:51 | Investigar | Feudal Age |
| 13:17 | Construir | Barracks |
| 14:04 | Construir | House |
| 14:22 | Crear | Villager (Male) |
| 14:23 | Crear | Villager (Male) |
| 14:23 | Crear | Villager (Male) |
| 15:01 | Edad | Edad Feudal |
| 15:11 | Construir | Blacksmith |
| 15:13 | Construir | Archery Range |
| 15:41 | Construir | Dock |
| 15:49 | Crear | Villager (Male) |
| 16:05 | Investigar | Castle Age |
| 16:11 | Crear | Fishing Ship |
| 16:11 | Crear | Fishing Ship |
| 16:19 | Construir | Archery Range |
| 16:30 | Construir | Palisade Gate |
| 16:33 | Construir | Palisade Wall |
| 16:52 | Investigar | Double-Bit Axe |
| 16:52 | Investigar | Double-Bit Axe |
| 17:11 | Investigar | Tech 906 |
| 17:56 | Construir | Fish Trap |
| 17:57 | Construir | Fish Trap |
| 17:59 | Construir | Fish Trap |
| 18:09 | Investigar | Fletching |
| 18:22 | Construir | Fish Trap |
| 18:30 | Construir | House |
| 18:40 | Construir | Fish Trap |
| 18:48 | Crear | Villager (Male) |
| 18:56 | Edad | Edad de los Castillos |
| 18:57 | Construir | Fish Trap |
| 19:00 | Crear | Villager (Male) |
| 19:08 | Investigar | Bodkin Arrow |
| 19:08 | Investigar | Bodkin Arrow |
| 19:09 | Crear | Cavalry Archer |
| 19:09 | Crear | Cavalry Archer |
| 19:10 | Crear | Cavalry Archer |
| 19:17 | Construir | House |
| 19:27 | Crear | Cavalry Archer |
| 19:27 | Crear | Cavalry Archer |
| 19:27 | Crear | Cavalry Archer |
| 19:30 | Crear | Villager (Male) |
| 19:49 | Crear | Cavalry Archer |
| 19:49 | Crear | Cavalry Archer |
| 20:22 | Crear | Cavalry Archer |
| 20:22 | Crear | Cavalry Archer |
| 20:24 | Crear | Spearman |
| 20:24 | Crear | Spearman |
| 20:30 | Crear | Villager (Male) |
| 20:30 | Crear | Villager (Male) |
| 20:36 | Crear | Cavalry Archer |
| 20:36 | Crear | Cavalry Archer |
| 20:43 | Investigar | Tech 1014 |
| 20:44 | Investigar | Tech 1014 |
| 20:51 | Crear | Villager (Male) |
| 20:54 | Construir | Stable |
| 21:00 | Crear | Cavalry Archer |
| 21:00 | Crear | Cavalry Archer |
| 21:00 | Crear | Cavalry Archer |
| 21:16 | Crear | Cavalry Archer |
| 21:16 | Crear | Cavalry Archer |
| 21:18 | Crear | Villager (Male) |
| 21:19 | Crear | Villager (Male) |
| 21:19 | Crear | Villager (Male) |
| 21:19 | Crear | Villager (Male) |
| 21:21 | Construir | Lumber Camp |
| 21:32 | Crear | Cavalry Archer |
| 21:34 | Crear | Villager (Male) |
| 21:34 | Crear | Villager (Male) |
| 21:34 | Crear | Villager (Male) |
| 22:00 | Investigar | Husbandry |
| 22:12 | Crear | Villager (Male) |
| 22:15 | Construir | Pasture |
| 22:17 | Construir | Pasture |
| 22:39 | Crear | Cavalry Archer |
| 22:39 | Crear | Cavalry Archer |
| 22:47 | Crear | Villager (Male) |
| 22:50 | Construir | University |
Build order — Just fun
Primeras 150 de 378 acciones detectadas
| 0:05 | Construir | Town Center |
| 0:13 | Construir | House |
| 2:39 | Crear | Villager (Male) |
| 2:40 | Crear | Villager (Male) |
| 2:40 | Crear | Villager (Male) |
| 2:40 | Crear | Villager (Male) |
| 2:40 | Crear | Villager (Male) |
| 3:59 | Crear | Villager (Male) |
| 4:23 | Construir | House |
| 4:36 | Crear | Villager (Male) |
| 4:36 | Crear | Villager (Male) |
| 4:54 | Crear | Villager (Male) |
| 4:55 | Crear | Villager (Male) |
| 5:16 | Crear | Villager (Male) |
| 5:21 | Crear | Villager (Male) |
| 5:49 | Crear | Villager (Male) |
| 5:49 | Crear | Villager (Male) |
| 6:18 | Crear | Villager (Male) |
| 6:21 | Construir | Lumber Camp |
| 6:43 | Construir | House |
| 6:47 | Crear | Villager (Male) |
| 6:48 | Crear | Villager (Male) |
| 7:27 | Crear | Villager (Male) |
| 7:44 | Crear | Villager (Male) |
| 8:28 | Construir | House |
| 8:40 | Crear | Villager (Male) |
| 8:48 | Construir | House |
| 8:55 | Construir | House |
| 9:14 | Construir | House |
| 9:23 | Crear | Villager (Male) |
| 9:23 | Crear | Villager (Male) |
| 9:39 | Construir | Mill |
| 9:45 | Construir | House |
| 9:56 | Crear | Villager (Male) |
| 9:57 | Crear | Villager (Male) |
| 10:46 | Crear | Villager (Male) |
| 10:52 | Construir | Mining Camp |
| 11:20 | Investigar | Feudal Age |
| 11:28 | Investigar | Loom |
| 11:29 | Crear | Villager (Male) |
| 11:29 | Crear | Villager (Male) |
| 12:25 | Construir | Barracks |
| 13:38 | Edad | Edad Feudal |
| 13:41 | Construir | Market |
| 14:07 | Construir | Archery Range |
| 14:50 | Crear | Villager (Male) |
| 14:59 | Construir | House |
| 15:21 | Construir | Palisade Wall |
| 15:26 | Construir | Palisade Wall |
| 15:29 | Construir | Palisade Wall |
| 15:34 | Investigar | Castle Age |
| 15:44 | Construir | Mill |
| 16:01 | Crear | Spearman |
| 16:11 | Construir | Blacksmith |
| 16:38 | Investigar | Double-Bit Axe |
| 17:32 | Investigar | Horse Collar |
| 17:57 | Investigar | Fletching |
| 18:14 | Edad | Edad de los Castillos |
| 18:19 | Construir | Town Center |
| 18:30 | Crear | Villager (Male) |
| 18:32 | Crear | Villager (Male) |
| 18:34 | Crear | Elephant Archer |
| 18:34 | Crear | Elephant Archer |
| 18:37 | Construir | House |
| 18:38 | Construir | House |
| 18:43 | Investigar | Wheelbarrow |
| 19:05 | Investigar | Bow Saw |
| 19:25 | Crear | Villager (Male) |
| 19:25 | Crear | Villager (Male) |
| 19:51 | Construir | Town Center |
| 19:54 | Crear | Villager (Male) |
| 20:00 | Construir | Farm |
| 20:18 | Construir | Farm |
| 20:41 | Crear | Villager (Male) |
| 20:41 | Crear | Villager (Male) |
| 20:43 | Crear | Villager (Male) |
| 20:43 | Crear | Villager (Male) |
| 20:58 | Crear | Villager (Male) |
| 20:59 | Crear | Villager (Male) |
| 21:06 | Construir | Monastery |
| 21:22 | Crear | Villager (Male) |
| 21:23 | Construir | Farm |
| 21:28 | Construir | House |
| 21:32 | Crear | Monk |
| 21:32 | Crear | Monk |
| 21:34 | Crear | Villager (Male) |
| 21:34 | Crear | Villager (Male) |
| 21:42 | Construir | Farm |
| 21:45 | Crear | Villager (Male) |
| 21:58 | Construir | House |
| 22:01 | Crear | Villager (Male) |
| 22:01 | Crear | Villager (Male) |
| 22:01 | Crear | Villager (Male) |
| 22:08 | Construir | Farm |
| 22:13 | Construir | Farm |
| 22:13 | Construir | Farm |
| 22:13 | Construir | Farm |
| 22:14 | Construir | Farm |
| 22:14 | Construir | Farm |
| 22:14 | Construir | Farm |
| 22:14 | Construir | Farm |
| 22:15 | Crear | Villager (Male) |
| 22:15 | Crear | Villager (Male) |
| 22:16 | Crear | Villager (Male) |
| 22:30 | Crear | Monk |
| 22:32 | Crear | Villager (Male) |
| 22:32 | Crear | Villager (Male) |
| 22:36 | Construir | Farm |
| 22:40 | Construir | Farm |
| 22:41 | Crear | Villager (Male) |
| 22:53 | Crear | Villager (Male) |
| 22:53 | Crear | Villager (Male) |
| 23:00 | Crear | Villager (Male) |
| 23:01 | Crear | Villager (Male) |
| 23:06 | Crear | Villager (Male) |
| 23:06 | Crear | Villager (Male) |
| 23:15 | Crear | Villager (Male) |
| 23:15 | Crear | Villager (Male) |
| 23:21 | Investigar | Sanctity |
| 23:22 | Crear | Villager (Male) |
| 23:22 | Crear | Villager (Male) |
| 23:24 | Construir | House |
| 23:25 | Construir | House |
| 23:25 | Construir | House |
| 23:29 | Crear | Villager (Male) |
| 23:33 | Construir | Farm |
| 23:33 | Construir | Farm |
| 23:33 | Construir | Farm |
| 23:34 | Construir | Farm |
| 23:41 | Construir | House |
| 23:42 | Construir | House |
| 23:50 | Crear | Villager (Male) |
| 23:56 | Crear | Monk |
| 23:59 | Crear | Villager (Male) |
| 23:59 | Crear | Villager (Male) |
| 24:07 | Construir | Farm |
| 24:08 | Construir | Farm |
| 24:08 | Construir | Farm |
| 24:08 | Construir | Farm |
| 24:08 | Construir | Farm |
| 24:11 | Crear | Villager (Male) |
| 24:11 | Crear | Villager (Male) |
| 24:19 | Crear | Villager (Male) |
| 24:22 | Construir | Farm |
| 24:30 | Crear | Villager (Male) |
| 24:44 | Crear | Villager (Male) |
| 24:45 | Crear | Villager (Male) |
| 24:48 | Construir | Farm |
| 24:48 | Construir | Farm |
| 24:49 | Construir | Farm |
Build order — 封念云
Primeras 150 de 197 acciones detectadas
| 0:05 | Construir | Town Center |
| 2:37 | Crear | Villager (Male) |
| 2:38 | Crear | Villager (Male) |
| 2:38 | Crear | Villager (Male) |
| 2:39 | Crear | Villager (Male) |
| 2:39 | Crear | Villager (Male) |
| 2:41 | Construir | House |
| 3:30 | Crear | Villager (Male) |
| 3:31 | Crear | Villager (Male) |
| 4:11 | Crear | Villager (Male) |
| 4:19 | Construir | House |
| 4:28 | Crear | Villager (Male) |
| 4:29 | Crear | Villager (Male) |
| 5:10 | Crear | Villager (Male) |
| 5:11 | Crear | Villager (Male) |
| 6:03 | Crear | Villager (Male) |
| 6:03 | Crear | Villager (Male) |
| 6:05 | Construir | Lumber Camp |
| 6:06 | Crear | Villager (Male) |
| 6:07 | Crear | Villager (Male) |
| 6:08 | Crear | Villager (Male) |
| 6:09 | Crear | Villager (Male) |
| 6:59 | Construir | House |
| 7:09 | Crear | Villager (Male) |
| 7:09 | Crear | Villager (Male) |
| 7:38 | Investigar | Loom |
| 7:40 | Crear | Villager (Male) |
| 7:43 | Crear | Villager (Male) |
| 7:43 | Crear | Villager (Male) |
| 7:57 | Crear | Villager (Male) |
| 7:57 | Crear | Villager (Male) |
| 8:37 | Construir | House |
| 8:53 | Crear | Villager (Male) |
| 9:10 | Crear | Villager (Male) |
| 9:13 | Investigar | Loom |
| 9:13 | Investigar | Loom |
| 9:43 | Construir | Mill |
| 9:46 | Crear | Villager (Male) |
| 10:06 | Construir | Mining Camp |
| 10:09 | Investigar | Feudal Age |
| 10:09 | Investigar | Feudal Age |
| 10:09 | Investigar | Feudal Age |
| 10:25 | Crear | Villager (Male) |
| 12:23 | Edad | Edad Feudal |
| 12:31 | Construir | Market |
| 12:44 | Construir | Outpost |
| 12:47 | Investigar | Town Watch |
| 12:47 | Investigar | Town Watch |
| 13:01 | Crear | Villager (Male) |
| 13:15 | Construir | Blacksmith |
| 13:25 | Construir | Palisade Wall |
| 13:28 | Construir | Palisade Wall |
| 14:04 | Construir | Watch Tower |
| 14:05 | Crear | Villager (Male) |
| 14:28 | Construir | Palisade Wall |
| 14:52 | Investigar | Castle Age |
| 14:53 | Investigar | Castle Age |
| 16:08 | Crear | Villager (Male) |
| 16:13 | Construir | Barracks |
| 16:55 | Crear | Spearman |
| 17:32 | Edad | Edad de los Castillos |
| 17:53 | Construir | Stable |
| 18:24 | Crear | Steppe Lancer |
| 18:25 | Crear | Villager (Male) |
| 18:48 | Crear | Villager (Male) |
| 19:53 | Crear | Steppe Lancer |
| 20:00 | Crear | Villager (Male) |
| 20:05 | Crear | Spearman |
| 20:09 | Construir | House |
| 20:10 | Construir | House |
| 20:16 | Crear | Villager (Male) |
| 20:16 | Crear | Villager (Male) |
| 20:39 | Crear | Camel Scout |
| 20:39 | Crear | Camel Scout |
| 20:54 | Crear | Villager (Male) |
| 21:22 | Crear | Villager (Male) |
| 21:22 | Crear | Villager (Male) |
| 21:23 | Crear | Villager (Male) |
| 21:29 | Crear | Villager (Male) |
| 21:29 | Crear | Villager (Male) |
| 21:52 | Crear | Villager (Male) |
| 22:03 | Crear | Villager (Male) |
| 22:03 | Crear | Villager (Male) |
| 22:15 | Crear | Villager (Male) |
| 22:15 | Crear | Villager (Male) |
| 22:27 | Crear | Villager (Male) |
| 22:28 | Crear | Villager (Male) |
| 22:49 | Crear | Villager (Male) |
| 22:49 | Crear | Villager (Male) |
| 23:03 | Crear | Villager (Male) |
| 24:13 | Crear | Villager (Male) |
| 24:29 | Construir | Town Center |
| 25:06 | Crear | Villager (Male) |
| 25:41 | Crear | Villager (Male) |
| 25:41 | Crear | Villager (Male) |
| 26:07 | Crear | Steppe Lancer |
| 26:07 | Crear | Steppe Lancer |
| 26:08 | Crear | Steppe Lancer |
| 26:27 | Crear | Villager (Male) |
| 26:39 | Crear | Villager (Male) |
| 27:00 | Crear | Villager (Male) |
| 27:00 | Crear | Villager (Male) |
| 27:20 | Crear | Villager (Male) |
| 27:20 | Crear | Villager (Male) |
| 27:38 | Crear | Villager (Male) |
| 28:02 | Crear | Villager (Male) |
| 28:18 | Crear | Villager (Male) |
| 28:32 | Crear | Villager (Male) |
| 28:32 | Crear | Villager (Male) |
| 28:37 | Construir | House |
| 28:38 | Construir | House |
| 28:46 | Construir | Monastery |
| 29:00 | Construir | Mill |
| 29:08 | Construir | House |
| 29:17 | Crear | Villager (Male) |
| 29:17 | Crear | Villager (Male) |
| 29:20 | Crear | Villager (Male) |
| 29:20 | Crear | Villager (Male) |
| 29:20 | Crear | Villager (Male) |
| 29:37 | Construir | Mining Camp |
| 30:00 | Crear | Villager (Male) |
| 30:05 | Crear | Villager (Male) |
| 30:15 | Crear | Villager (Male) |
| 30:28 | Crear | Villager (Male) |
| 30:30 | Crear | Villager (Male) |
| 30:51 | Construir | Castle |
| 30:55 | Crear | Villager (Male) |
| 31:02 | Crear | Monk |
| 31:04 | Crear | Villager (Male) |
| 31:12 | Crear | Villager (Male) |
| 31:26 | Investigar | Fletching |
| 31:26 | Investigar | Fletching |
| 31:36 | Crear | Villager (Male) |
| 31:40 | Crear | Villager (Male) |
| 32:17 | Crear | Villager (Male) |
| 32:37 | Crear | Kipchak |
| 32:37 | Crear | Kipchak |
| 32:41 | Investigar | Bloodlines |
| 32:41 | Investigar | Bloodlines |
| 32:43 | Crear | Villager (Male) |
| 32:52 | Construir | Mill |
| 32:54 | Crear | Villager (Male) |
| 33:05 | Crear | Kipchak |
| 33:15 | Crear | Spearman |
| 33:15 | Crear | Spearman |
| 33:15 | Crear | Spearman |
| 33:44 | Crear | Villager (Male) |
| 33:44 | Crear | Villager (Male) |
| 34:14 | Investigar | Bodkin Arrow |
| 34:14 | Investigar | Bodkin Arrow |
Build order — Bizzy
Primeras 150 de 302 acciones detectadas
| 1:14 | Construir | Town Center |
| 3:20 | Crear | Villager (Male) |
| 3:20 | Crear | Villager (Male) |
| 3:20 | Crear | Villager (Male) |
| 3:21 | Crear | Villager (Male) |
| 3:21 | Crear | Villager (Male) |
| 3:27 | Construir | House |
| 3:28 | Construir | House |
| 3:31 | Construir | House |
| 4:15 | Crear | Villager (Male) |
| 5:00 | Crear | Villager (Male) |
| 5:20 | Crear | Villager (Male) |
| 5:30 | Construir | Lumber Camp |
| 6:17 | Crear | Villager (Male) |
| 6:18 | Crear | Villager (Male) |
| 6:28 | Crear | Villager (Male) |
| 6:30 | Crear | Villager (Male) |
| 6:48 | Crear | Villager (Male) |
| 6:48 | Crear | Villager (Male) |
| 7:11 | Construir | Palisade Wall |
| 7:19 | Construir | Palisade Wall |
| 7:23 | Crear | Villager (Male) |
| 7:27 | Construir | House |
| 7:34 | Crear | Villager (Male) |
| 8:00 | Crear | Villager (Male) |
| 8:24 | Construir | Mill |
| 9:00 | Construir | Palisade Wall |
| 9:11 | Construir | Palisade Wall |
| 9:14 | Construir | Palisade Wall |
| 9:35 | Investigar | Feudal Age |
| 9:36 | Investigar | Feudal Age |
| 10:42 | Construir | Barracks |
| 10:53 | Construir | House |
| 11:15 | Crear | Villager (Male) |
| 11:17 | Crear | Villager (Male) |
| 11:47 | Edad | Edad Feudal |
| 11:54 | Construir | Stable |
| 11:58 | Construir | House |
| 12:10 | Investigar | Double-Bit Axe |
| 12:15 | Construir | House |
| 12:24 | Crear | Villager (Male) |
| 12:27 | Construir | House |
| 12:45 | Crear | Villager (Male) |
| 12:46 | Crear | Scout Cavalry |
| 12:46 | Crear | Scout Cavalry |
| 13:01 | Crear | Scout Cavalry |
| 13:12 | Construir | House |
| 13:17 | Crear | Villager (Male) |
| 13:32 | Construir | Palisade Wall |
| 13:39 | Crear | Villager (Male) |
| 13:45 | Crear | Scout Cavalry |
| 14:07 | Crear | Villager (Male) |
| 14:29 | Crear | Scout Cavalry |
| 14:49 | Crear | Villager (Male) |
| 14:56 | Crear | Villager (Male) |
| 15:08 | Construir | House |
| 15:09 | Construir | Palisade Wall |
| 15:15 | Crear | Scout Cavalry |
| 15:25 | Construir | Market |
| 15:36 | Crear | Villager (Male) |
| 15:58 | Construir | Blacksmith |
| 16:01 | Crear | Villager (Male) |
| 16:09 | Construir | Farm |
| 16:09 | Construir | Farm |
| 16:10 | Construir | Farm |
| 16:11 | Construir | Farm |
| 16:33 | Crear | Villager (Male) |
| 16:38 | Investigar | Forging |
| 16:40 | Crear | Scout Cavalry |
| 16:46 | Crear | Villager (Male) |
| 16:58 | Crear | Villager (Male) |
| 17:15 | Crear | Villager (Male) |
| 17:19 | Crear | Scout Cavalry |
| 17:27 | Construir | House |
| 17:28 | Construir | House |
| 17:44 | Construir | House |
| 18:11 | Construir | Farm |
| 18:16 | Construir | Mining Camp |
| 18:33 | Crear | Villager (Male) |
| 18:37 | Investigar | Loom |
| 19:00 | Crear | Villager (Male) |
| 19:53 | Investigar | Castle Age |
| 19:54 | Investigar | Castle Age |
| 20:40 | Investigar | Horse Collar |
| 22:20 | Construir | Farm |
| 22:21 | Construir | Farm |
| 22:22 | Construir | Farm |
| 22:23 | Construir | Farm |
| 22:24 | Construir | Farm |
| 22:33 | Edad | Edad de los Castillos |
| 22:40 | Crear | Villager (Male) |
| 22:43 | Crear | Villager (Male) |
| 22:46 | Construir | Town Center |
| 22:53 | Construir | Town Center |
| 22:56 | Investigar | Bow Saw |
| 23:09 | Construir | Farm |
| 23:11 | Construir | Farm |
| 23:20 | Construir | House |
| 23:34 | Crear | Villager (Male) |
| 23:35 | Investigar | Heavy Plow |
| 23:36 | Crear | Villager (Male) |
| 23:52 | Construir | Farm |
| 23:57 | Crear | Villager (Male) |
| 24:09 | Crear | Villager (Male) |
| 24:10 | Crear | Villager (Male) |
| 24:22 | Crear | Villager (Male) |
| 24:23 | Crear | Villager (Male) |
| 24:26 | Crear | Villager (Male) |
| 24:32 | Investigar | Wheelbarrow |
| 24:40 | Crear | Villager (Male) |
| 24:42 | Crear | Villager (Male) |
| 24:43 | Crear | Villager (Male) |
| 24:48 | Construir | Farm |
| 24:49 | Construir | Farm |
| 24:50 | Construir | Farm |
| 24:50 | Construir | Farm |
| 24:55 | Crear | Villager (Male) |
| 24:55 | Crear | Villager (Male) |
| 25:05 | Crear | Villager (Male) |
| 25:11 | Crear | Villager (Male) |
| 25:32 | Construir | Farm |
| 25:34 | Construir | Farm |
| 25:35 | Construir | Farm |
| 25:36 | Construir | Farm |
| 25:37 | Crear | Villager (Male) |
| 25:47 | Construir | House |
| 25:54 | Construir | Farm |
| 25:55 | Construir | Farm |
| 25:55 | Crear | Villager (Male) |
| 26:02 | Crear | Villager (Male) |
| 26:09 | Construir | Farm |
| 26:15 | Crear | Villager (Male) |
| 26:21 | Construir | Mining Camp |
| 26:23 | Crear | Villager (Male) |
| 26:25 | Construir | Farm |
| 26:27 | Construir | Farm |
| 26:28 | Crear | Villager (Male) |
| 26:30 | Construir | House |
| 26:31 | Construir | House |
| 26:35 | Construir | Palisade Wall |
| 26:37 | Crear | Villager (Male) |
| 26:56 | Construir | Monastery |
| 27:02 | Crear | Villager (Male) |
| 27:09 | Crear | Villager (Male) |
| 27:16 | Investigar | Gold Mining |
| 27:16 | Investigar | Stone Mining |
| 27:21 | Crear | Villager (Male) |
| 27:29 | Crear | Villager (Male) |
| 27:36 | Investigar | Hand Cart |
| 27:36 | Investigar | Hand Cart |
Build order — Hash-
Primeras 150 de 365 acciones detectadas
| 1:14 | Construir | Town Center |
| 2:07 | Construir | House |
| 2:54 | Construir | House |
| 3:08 | Crear | Villager (Male) |
| 3:08 | Crear | Villager (Male) |
| 3:10 | Crear | Villager (Male) |
| 3:10 | Crear | Villager (Male) |
| 3:10 | Crear | Villager (Male) |
| 4:46 | Crear | Villager (Male) |
| 4:46 | Crear | Villager (Male) |
| 4:47 | Crear | Villager (Male) |
| 5:11 | Crear | Villager (Male) |
| 5:22 | Construir | House |
| 5:58 | Construir | Lumber Camp |
| 6:11 | Construir | Lumber Camp |
| 6:11 | Crear | Villager (Male) |
| 6:17 | Crear | Villager (Male) |
| 6:17 | Crear | Villager (Male) |
| 6:23 | Construir | House |
| 7:24 | Crear | Villager (Male) |
| 7:24 | Crear | Villager (Male) |
| 7:29 | Crear | Villager (Male) |
| 7:49 | Investigar | Double-Bit Axe |
| 7:49 | Investigar | Double-Bit Axe |
| 7:49 | Investigar | Double-Bit Axe |
| 7:57 | Construir | House |
| 8:32 | Crear | Villager (Male) |
| 8:54 | Crear | Villager (Male) |
| 9:10 | Construir | Mill |
| 9:21 | Crear | Villager (Male) |
| 10:02 | Investigar | Feudal Age |
| 10:02 | Investigar | Feudal Age |
| 10:05 | Investigar | Loom |
| 11:35 | Construir | Barracks |
| 12:12 | Edad | Edad Feudal |
| 12:12 | Construir | House |
| 12:16 | Crear | Villager (Male) |
| 12:26 | Construir | Stable |
| 13:02 | Crear | Villager (Male) |
| 13:10 | Crear | Scout Cavalry |
| 13:10 | Crear | Scout Cavalry |
| 13:20 | Construir | Blacksmith |
| 13:24 | Crear | Villager (Male) |
| 13:35 | Crear | Scout Cavalry |
| 13:35 | Crear | Scout Cavalry |
| 13:38 | Crear | Villager (Male) |
| 13:38 | Crear | Villager (Male) |
| 13:44 | Construir | Palisade Wall |
| 14:21 | Construir | House |
| 14:24 | Construir | House |
| 14:29 | Investigar | Forging |
| 14:29 | Investigar | Forging |
| 14:39 | Crear | Villager (Male) |
| 14:43 | Construir | House |
| 14:57 | Crear | Scout Cavalry |
| 14:58 | Crear | Villager (Male) |
| 15:19 | Crear | Scout Cavalry |
| 15:31 | Construir | Mill |
| 15:37 | Crear | Scout Cavalry |
| 15:57 | Crear | Scout Cavalry |
| 16:05 | Crear | Villager (Male) |
| 16:08 | Crear | Scout Cavalry |
| 16:11 | Crear | Villager (Male) |
| 16:14 | Construir | Farm |
| 16:14 | Crear | Villager (Male) |
| 16:24 | Construir | House |
| 16:25 | Construir | House |
| 16:25 | Crear | Villager (Male) |
| 16:45 | Construir | Farm |
| 17:22 | Crear | Scout Cavalry |
| 17:40 | Crear | Villager (Male) |
| 17:51 | Construir | Farm |
| 17:52 | Crear | Villager (Male) |
| 18:10 | Construir | Farm |
| 18:27 | Crear | Villager (Male) |
| 18:34 | Construir | Mining Camp |
| 18:41 | Investigar | Bow Saw |
| 18:41 | Investigar | Bow Saw |
| 18:59 | Crear | Villager (Male) |
| 19:40 | Crear | Villager (Male) |
| 20:02 | Crear | Villager (Male) |
| 20:13 | Construir | House |
| 20:17 | Construir | Palisade Wall |
| 20:19 | Crear | Villager (Male) |
| 20:29 | Investigar | Castle Age |
| 20:29 | Investigar | Castle Age |
| 20:40 | Crear | Scout Cavalry |
| 20:45 | Construir | House |
| 21:15 | Crear | Villager (Male) |
| 21:23 | Construir | Palisade Wall |
| 21:26 | Construir | Palisade Wall |
| 21:36 | Crear | Villager (Male) |
| 21:39 | Construir | House |
| 21:46 | Construir | House |
| 22:13 | Construir | Gate |
| 22:17 | Construir | Palisade Gate |
| 22:22 | Crear | Villager (Male) |
| 22:32 | Construir | Market |
| 22:56 | Construir | Palisade Wall |
| 23:10 | Edad | Edad de los Castillos |
| 23:18 | Crear | Scout Cavalry |
| 23:22 | Construir | Town Center |
| 23:25 | Construir | Town Center |
| 23:35 | Construir | House |
| 23:50 | Construir | Town Center |
| 23:52 | Crear | Villager (Male) |
| 24:14 | Construir | House |
| 24:24 | Crear | Villager (Male) |
| 24:30 | Construir | House |
| 24:47 | Construir | Farm |
| 24:47 | Construir | Farm |
| 24:47 | Construir | Farm |
| 24:47 | Construir | Farm |
| 24:48 | Construir | Farm |
| 25:01 | Investigar | Wheelbarrow |
| 25:01 | Crear | Villager (Male) |
| 25:02 | Crear | Villager (Male) |
| 25:04 | Crear | Villager (Male) |
| 25:04 | Crear | Villager (Male) |
| 25:08 | Crear | Villager (Male) |
| 25:32 | Crear | Villager (Male) |
| 25:36 | Crear | Villager (Male) |
| 25:38 | Crear | Villager (Male) |
| 26:00 | Crear | Villager (Male) |
| 26:12 | Construir | Farm |
| 26:12 | Construir | Farm |
| 26:12 | Construir | Farm |
| 26:13 | Construir | Farm |
| 26:13 | Construir | Farm |
| 26:13 | Construir | Farm |
| 26:13 | Construir | Farm |
| 26:18 | Construir | Farm |
| 26:18 | Construir | Farm |
| 26:19 | Construir | Farm |
| 26:19 | Construir | Farm |
| 26:19 | Construir | Farm |
| 26:25 | Crear | Villager (Male) |
| 26:37 | Crear | Villager (Male) |
| 26:38 | Crear | Villager (Male) |
| 26:41 | Crear | Villager (Male) |
| 26:44 | Construir | Mill |
| 26:45 | Construir | Farm |
| 26:45 | Construir | Farm |
| 26:45 | Construir | Farm |
| 26:45 | Construir | Farm |
| 26:46 | Construir | Farm |
| 26:46 | Construir | Farm |
| 26:59 | Investigar | Horse Collar |
| 27:00 | Investigar | Horse Collar |
| 27:00 | Investigar | Horse Collar |
Cronología de la partida
| 6:05 | The_OFLi · first_building Dock |
| 7:11 | Bizzy · wall_segment Palisade Wall x1 |
| 7:19 | Bizzy · wall_segment Palisade Wall x1 |
| 9:00 | Bizzy · wall_segment Palisade Wall x1 |
| 9:11 | Bizzy · wall_segment Palisade Wall x1 |
| 9:14 | Bizzy · wall_segment Palisade Wall x1 |
| 9:36 | DiegoRosi · wall_segment Palisade Wall x10 |
| 10:42 | The_OFLi · wall_segment Palisade Wall x11 |
| 10:42 | Bizzy · first_building Barracks |
| 10:47 | The_OFLi · wall_segment Palisade Wall x17 |
| 11:01 | 姆狗 · first_building Barracks |
| 11:13 | DiegoRosi · wall_segment Palisade Wall x1 |
| 11:15 | DiegoRosi · wall_segment Palisade Wall x9 |
| 11:18 | The_OFLi · wall_segment Palisade Wall x7 |
| 11:35 | Hash- · first_building Barracks |
| 11:47 | Bizzy · age_up feudal |
| 11:54 | Bizzy · first_building Stable |
| 12:00 | 姆狗 · age_up feudal |
| 12:12 | Hash- · age_up feudal |
| 12:14 | 姆狗 · first_building Stable |
| 12:23 | 封念云 · age_up feudal |
| 12:25 | Just fun · first_building Barracks |
| 12:26 | Hash- · first_building Stable |
| 13:17 | The_OFLi · first_building Barracks |
| 13:20 | RegiTehT · age_up feudal |
| 13:23 | DiegoRosi · age_up feudal |
| 13:25 | 封念云 · wall_segment Palisade Wall x1 |
| 13:28 | 封念云 · wall_segment Palisade Wall x1 |
| 13:32 | Bizzy · wall_segment Palisade Wall x6 |
| 13:38 | Just fun · age_up feudal |
| 13:44 | Hash- · wall_segment Palisade Wall x7 |
| 13:59 | RegiTehT · wall_segment Palisade Wall x1 |
| 14:07 | Just fun · first_building Archery Range |
| 14:11 | RegiTehT · first_market_sell 100 food |
| 14:12 | DiegoRosi · wall_segment Palisade Wall x1 |
| 14:28 | 封念云 · wall_segment Palisade Wall x1 |
| 14:35 | DiegoRosi · first_market_sell 100 wood |
| 14:36 | DiegoRosi · first_market_buy 100 food |
| 15:01 | The_OFLi · age_up feudal |
| 15:09 | Bizzy · wall_segment Palisade Wall x1 |
| 15:13 | The_OFLi · first_building Archery Range |
| 15:21 | Just fun · wall_segment Palisade Wall x1 |
| 15:26 | Just fun · wall_segment Palisade Wall x1 |
| 15:29 | Just fun · wall_segment Palisade Wall x1 |
| 16:13 | 封念云 · first_building Barracks |
| 16:33 | The_OFLi · wall_segment Palisade Wall x1 |
| 16:53 | RegiTehT · age_up castle |
| 16:58 | RegiTehT · first_building Castle |
| 17:29 | RegiTehT · wall_segment Palisade Wall x1 |
| 17:32 | 封念云 · age_up castle |
| 17:34 | RegiTehT · wall_segment Palisade Wall x1 |
| 17:43 | DiegoRosi · age_up castle |
| 17:49 | 封念云 · first_market_buy 100 wood |
| 17:53 | 封念云 · first_building Stable |
| 18:14 | Just fun · age_up castle |
| 18:56 | The_OFLi · age_up castle |
| 19:04 | Bizzy · first_market_sell 100 wood |
| 19:06 | DiegoRosi · first_building Castle |
| 19:11 | 封念云 · first_market_sell 100 food |
| 20:17 | Hash- · wall_segment Palisade Wall x9 |
| 20:35 | RegiTehT · first_market_buy 100 food |
| 20:39 | Just fun · first_market_sell 100 wood |
| 20:40 | Just fun · first_market_buy 100 food |
| 20:54 | The_OFLi · first_building Stable |
| 21:06 | Just fun · first_building Monastery |
| 21:10 | DiegoRosi · wall_segment Palisade Wall x1 |
| 21:23 | Hash- · wall_segment Palisade Wall x3 |
| 21:26 | Hash- · wall_segment Palisade Wall x4 |
| 22:33 | Bizzy · age_up castle |
| 22:56 | Hash- · wall_segment Palisade Wall x1 |
| 23:10 | Hash- · age_up castle |
| 23:32 | 姆狗 · first_market_sell 100 stone |
| 23:46 | Hash- · first_market_buy 100 stone |
| 25:09 | Bizzy · first_market_buy 100 food |
| 26:14 | 姆狗 · age_up castle |
| 26:35 | Bizzy · wall_segment Palisade Wall x1 |
| 26:56 | Bizzy · first_building Monastery |
| 28:46 | 封念云 · first_building Monastery |
| 29:03 | Hash- · wall_segment Palisade Wall x3 |
| 29:58 | DiegoRosi · first_building Siege Workshop |
| 30:51 | 封念云 · first_building Castle |
| 31:06 | Hash- · first_building Monastery |
| 31:07 | Just fun · first_building Castle |
| 31:20 | Just fun · first_building Siege Workshop |
| 31:23 | Bizzy · first_building Castle |
| 31:36 | Bizzy · wall_segment Stone Wall x1 |
| 31:37 | Bizzy · wall_segment Stone Wall x1 |
| 31:39 | Bizzy · wall_segment Stone Wall x1 |
| 31:41 | Bizzy · wall_segment Stone Wall x1 |
| 31:42 | Bizzy · wall_segment Stone Wall x1 |
| 31:44 | Bizzy · wall_segment Stone Wall x1 |
| 31:45 | Bizzy · wall_segment Stone Wall x1 |
| 31:47 | Bizzy · wall_segment Stone Wall x1 |
| 33:16 | RegiTehT · first_building Barracks |
| 33:53 | Hash- · first_market_sell 100 food |
| 35:32 | Hash- · age_up imperial |
| 36:46 | Bizzy · age_up imperial |
| 36:46 | Bizzy · wall_segment Palisade Wall x1 |
| 37:01 | The_OFLi · first_building Castle |
| 37:23 | DiegoRosi · age_up imperial |
| 37:36 | 姆狗 · first_building Monastery |
| 37:40 | 姆狗 · first_building Siege Workshop |
| 37:45 | Hash- · first_building Castle |
| 38:11 | 封念云 · first_building Siege Workshop |
| 38:27 | Hash- · first_building Siege Workshop |
| 39:24 | Bizzy · resign |
[ ANÁLISIS IA · 1 CRÉDITO ]
¿Qué pasó realmente en esta partida?
Wolo.gg analiza cada decisión: build order, eco, micro, errores típicos por bracket. Análisis personalizado por WhatsApp o Discord en 30 segundos.
Guía civ
Lituanos
Perfil
Jugador #23957787